 Dungeon Crawl Stone Soup version 0.21-a0-538-gd16b88a (webtiles) character file.

3561 KristoblXynda the Carver (level 9, -10/67 HPs)
             Began as a Yellow Draconian Gladiator on Dec 16, 2017.
             Was an Initiate of Cheibriados.
             Mangled by Feta's ghost (28 damage)
             ... on level 7 of the Dungeon.
             The game lasted 00:18:56 (6113 turns).

KristoblXynda the Carver (DrGl)                     Turns: 6113, Time: 00:18:56

Health: -10/67     AC:  9    Str: 18    XL:     9   Next: 83%
Magic:  9/9        EV: 18    Int: 11    God:    Cheibriados [......]
Gold:   274        SH:  6    Dex: 17    Spells: 8/8 levels left

rFire    . . .     SeeInvis .   a - +1 long sword
rCold    . . .     Gourm    .   s - +0 buckler
rNeg     . . .     Faith    .   (armour unavailable)
rPois    .         Spirit   .   b - +1 hat
rElec    .         Reflect  .   g - scarf {repulsion}
rCorr    +         Harm     .   u - +0 pair of gloves
MR       .....                  (no boots)
Stlth    +++.......             r - amulet of regeneration
HPRegen  0.61/turn              (no ring)
MPRegen  0.11/turn              (no ring)

@: short of breath, very slightly contaminated, repel missiles, very slow
A: spit acid, acid resistance, unfitting armour, horns 1, stinger 1, talons 1,
agile 1, screaming 1, evolution 1, cold-blooded, AC +7
a: Breathe Acid, Bend Time, Renounce Religion


You were on level 7 of the Dungeon.
You worshipped Cheibriados.
Cheibriados was noncommittal.
You were not hungry.

You visited 1 branch of the dungeon, and saw 7 of its levels.
You also visited: Sewer.

You collected 274 gold pieces.

Inventory:

Hand Weapons
 a - a +1 long sword (weapon)
Missiles
 c - 5 tomahawks (quivered)
 n - a throwing net
Armour
 b - a +1 hat (worn)
 g - a scarf of repulsion (worn)
 s - a +0 buckler (worn)
 u - a +0 pair of gloves (worn)
Jewellery
 r - an amulet of regeneration (around neck)
Scrolls
 e - 3 scrolls of enchant armour
 m - 2 scrolls of magic mapping
 o - 5 scrolls of remove curse
 q - 3 scrolls of teleportation
 t - a scroll of enchant weapon
Potions
 h - a potion of flight
 v - a potion of degeneration {unknown}
 w - a potion of ambrosia
 x - a potion of brilliance
Books
 y - Xeolifol's Collected Works on Displacement and Air
   (You found it on level 4 of the Dungeon)

   Spells                             Type                      Level
   a - Swiftness                      Charms/Air                   2
   b - Recall                         Summoning/Translocation      3
   c - Lesser Beckoning               Translocation                3
   d - Teleport Other                 Translocation                3
   e - Tornado                        Air                          9
Comestibles
 d - 5 bread rations
 k - 2 meat rations


   Skills:
 - Level 2.1 Fighting
 + Level 9.7 Long Blades
 - Level 2.0 Throwing
 - Level 8.1 Dodging
 + Level 3.7 Stealth
 + Level 5.1 Shields


You had 8 spell levels left.
You didn't know any spells.

Dungeon Overview and Level Annotations

Branches:
Dungeon (7/15)
 Temple: D:4-7

Altars:
Cheibriados
Gozag
Hepliaklqana
Makhleb
Okawaru
Sif Muna
Vehumet
Wu Jian
Yredelemnul

Annotations:
D:7 Feta's ghost, novice OgFE


Innate Abilities, Weirdness & Mutations

You can spit globs of acid.
You are resistant to acid.
Your golden yellow scales are hard. (AC +7)
You cannot fit into any form of body armour.
You are cold-blooded and may be slowed by cold attacks.
You have a pair of small horns on your head.
Your tail ends in a poisonous barb.
You have sharp toenails.
You are agile. (Dex +2)
You occasionally shout uncontrollably at your foes.
You evolve.


Message History

You miss Feta's ghost. You headbutt Feta's ghost.
Feta's ghost is moderately damaged.
Feta's ghost hits you!!
* * * LOW HITPOINT WARNING * * *
Press: ? - help, Shift-Dir - straight line, f - Feta's ghost
Aim: Feta's ghost (moderately damaged)
You spit a glob of acid.
The glob of acid hits Feta's ghost.
Feta's ghost is splashed with acid.
Feta's ghost is heavily damaged.
Feta's ghost is splashed with acid.
You feel somewhat more hungry. Feta's ghost barely misses you.
You riposte.
You barely miss Feta's ghost. Your kick misses Feta's ghost.
You tail-slap Feta's ghost, but do no damage.
Feta's ghost is heavily damaged.
You miss Feta's ghost.
You claw Feta's ghost, but do no damage.
You tail-slap Feta's ghost, but do no damage.
Feta's ghost is heavily damaged.
Feta's ghost hits you!!
You die...

##### #...........'.....#
.....#+##..
........#.....#
..........#
+#####+##.....#
..........# #............#
..........# #............#
.........#####.##.##.##+##
#####.......###.##.##.#
#...W.......W...#.....#
....#.......#@..#.....# .
#.......##'###....#
###'#)...†...#....#
...#....#...#....#
.....#....#...#....#
.....#....#...#....#
.##..#....#...#....#
######...# #...#


You could see Feta's ghost.

Vanquished Creatures
  A two-headed ogre (D:6)
  A troll (D:5)
  Grinder (D:4)
  Sigmund (D:4)
  Menkaure (D:5)
  Duvessa (D:5)
  A black bear (D:6)
  A phantom (D:4)
  3 sky beasts (D:5)
  3 ogres
  3 big kobolds (Sewer)
  2 bullfrogs (D:6)
  Blork the orc (D:5)
  Dowan (D:5)
  A wyvern skeleton (D:6)
  A howler monkey (D:4)
  2 crimson imps (D:6)
  2 orc priests
  2 hounds (D:5)
  A jelly (D:6)
  5 orc wizards
  Natasha (thrice) (D:4)
  2 iguanas
  2 worker ants (D:5)
  A killer bee zombie (D:5)
  12 adders
  3 gnolls (D:5)
  A river rat (Sewer)
  4 oozes
  2 worms
  3 dart slugs
  5 leopard geckos
  22 orcs
  2 ball pythons
  7 giant cockroaches
  9 goblins
  7 hobgoblins
  9 jackals
  9 kobolds
  2 quokkas
  6 bats
  A giant cockroach zombie (D:5)
  A jackal skeleton (D:4)
  11 rats
  A plant (D:1)
160 creatures vanquished.

Vanquished Creatures (others)
  A plant (D:1)
1 creature vanquished.

Grand Total: 161 creatures vanquished

Notes
Turn   | Place    | Note
-------+----------+-------------------------------------------
     0 | D:1      | KristoblXynda the Draconian Gladiator began the quest for the Orb.
     0 | D:1      | Reached XP level 1. HP: 17/17 MP: 1/1
   311 | D:1      | Reached XP level 2. HP: 24/24 MP: 2/2
   478 | D:1      | Reached XP level 3. HP: 20/29 MP: 3/3
   953 | D:2      | Reached skill level 4 in Long Blades
  1015 | D:2      | Reached XP level 4. HP: 27/36 MP: 4/4
  1652 | D:3      | Found an opulent altar of Gozag.
  2090 | D:3      | Found a faded altar of an unknown god.
  2209 | D:3      | Found a burning altar of Makhleb.
  2265 | D:4      | Noticed Grinder
  2283 | D:4      | Killed Grinder
  2283 | D:4      | Reached skill level 5 in Long Blades
  2283 | D:4      | Reached XP level 5. HP: 38/41 MP: 5/5
  2283 | D:4      | Reached XP level 6. HP: 44/48 MP: 6/6
  2313 | D:4      | Noticed Natasha
  2318 | D:4      | Killed Natasha
  2370 | D:4      | Noticed Sigmund
  2391 | D:4      | Reached skill level 5 in Dodging
  2425 | D:4      | Found a glowing drain.
  2434 | Sewer    | Entered a sewer
  2622 | Sewer    | Reached skill level 6 in Long Blades
  2622 | Sewer    | Your scales start taking on a golden yellow colour.
  2622 | Sewer    | Reached XP level 7. HP: 47/55 MP: 7/7
  3037 | D:4      | Killed Sigmund
  3037 | D:4      | Reached skill level 7 in Long Blades
  3127 | D:4      | Reached XP level 8. HP: 10/61 MP: 8/8
  3371 | D:4      | Noticed Natasha
  3406 | D:4      | Killed Natasha
  3621 | D:4      | Noticed Natasha
  3630 | D:4      | Killed Natasha
  3678 | D:4      | Identified Xeolifol's Collected Works on Displacement and Air
  4009 | D:5      | Entered Level 5 of the Dungeon
  4012 | D:5      | Noticed a troll
  4027 | D:5      | Killed a troll
  4202 | D:5      | Reached skill level 8 in Long Blades
  4429 | D:5      | Reached skill level 1 in Shields
  4479 | D:5      | Noticed Blork the orc
  4482 | D:5      | Killed Blork the orc
  4760 | D:5      | Gained mutation: You occasionally shout uncontrollably at your foes. [mutagenic meat]
  4761 | D:5      | Gained mutation: Your tail ends in a poisonous barb. [mutagenic meat]
  4763 | D:5      | Gained mutation: You have a pair of small horns on your head. [mutagenic meat]
  4764 | D:5      | Gained mutation: You are agile. (Dex +2) [mutagenic meat]
  4765 | D:5      | Gained mutation: You have sharp toenails. [mutagenic meat]
  4807 | D:5      | Gained mutation: You evolve. [mutagenic meat]
  4829 | D:5      | Reached XP level 9. HP: 65/67 MP: 9/9
  4919 | D:5      | Noticed Menkaure
  4925 | D:5      | Killed Menkaure
  4985 | D:5      | Noticed Duvessa
  4993 | D:5      | Killed Duvessa
  4994 | D:5      | Noticed Dowan
  5003 | D:5      | Killed Dowan
  5113 | D:6      | Reached skill level 9 in Long Blades
  5126 | D:6      | Found an ornate altar of the Wu Jian Council.
  5133 | D:6      | Reached skill level 1 in Stealth
  5257 | D:6      | Found a hazy altar of Hepliaklqana.
  5259 | D:6      | Noticed a two-headed ogre
  5288 | D:6      | Killed a two-headed ogre
  5530 | D:6      | Found an iron altar of Okawaru.
  5542 | D:6      | Found a snail-covered altar of Cheibriados.
  5597 | D:6      | Reached skill level 5 in Shields
  5651 | D:6      | Became a worshipper of Cheibriados the Contemplative
  5689 | D:6      | Found a radiant altar of Vehumet.
  5770 | D:6      | Found a basalt altar of Yredelemnul.
  6077 | D:7      | Found a deep blue altar of Sif Muna.
  6092 | D:7      | Noticed Feta's ghost (novice OgFE)
  6113 | D:7      | Mangled by Feta's ghost

Vault maps used:
D:1:      lightli_iron_boxes, serial_forest, infiniplex_forest_lined_room_2,
          infiniplex_forest_clump_medium, infiniplex_forest_clump_diagonal,
          infiniplex_forest_straight_1, infiniplex_forest_clump_curved,
          infiniplex_forest_lined_1, minmay_heptomino_o4
D:3:      lemuel_doored_altar, lightli_temple_of_fire, first_bread,
          chequers_ecumenical_altar_lobes
D:4:      portal_sewer_entry_d, uniq_natasha, uniq_sigmund, uniq_grinder
D:5:      kennysheep_generic_room_3, uniq_duvessa, uniq_menkaure,
          uniq_blork_the_orc
D:6:      kennysheep_mini, kennysheep_mini_moat,
          amethyst_overflow_temple_binary, nicolae_overflow_crystal_walls,
          basic_altar
D:7:      nicolae_overflow_hidden_temple, lemuel_blue_sif_altar,
          temple_hall_moat, grunt_ogre_cave, grunt_ministairs_15, st_stairs_1,
          uniq_pikel
Sewer:    sewer_co_15_rooms

Skill      XL: |  1  2  3  4  5  6  7  8  9 |
---------------+----------------------------+-----
Throwing       | 2 |  2.0
Dodging        | 3 4 5 6 7 8 |  8.1
Long Blades    | 4 5 6 7 8 9 |  9.7
Shields        | 2 5 |  5.1
Stealth        | 3 |  3.7
Fighting       | |  2.1

Action                   |  1- 3 |  4- 6 |  7- 9 || total
-------------------------+-------+-------+-------++-------
Melee: Long sword        |   196 |   100 |   316 ||   612
       Tailslap          |    46 |    13 |    51 ||   110
       Kick              |       |       |    32 ||    32
       Headbutt          |       |       |    20 ||    20
Throw: Throwing net      |       |     2 |     2 ||     4
 Abil: Breathe Acid      |       |       |    21 ||    21
  Use: Potion            |       |     5 |     4 ||     9
       Scroll            |       |     5 |    11 ||    16
 Stab: Sleeping          |       |     2 |     4 ||     6
       Held in net/web   |       |     1 |       ||     1
  Eat: Chunk             |     1 |     3 |    20 ||    24
       Fruit             |       |     2 |     2 ||     4
       Meat ration       |       |       |     1 ||     1
Armor: Skin              |    48 |    47 |    71 ||   166
Dodge: Dodged            |   102 |   117 |   188 ||   407
       Deflected         |     4 |     2 |     5 ||    11
Block: Buckler           |       |       |    19 ||    19
       Rpst.: Long sword |    40 |    32 |    54 ||   126

Table legend:
 A = Spawn XP
 B = Non-spawn XP
 C = Spawn XP percentage of total XP
 D = Spawn monster count
 E = Non-spawn monster count
 F = Spawn count percentage of total count
 G = Total turns spent on level
                    A         B        C        D         E        F      G
               +---------+---------+-------+---------+---------+-------+---------
         Total |       0 |    5088 |   0.0 |       0 |     159 |   0.0 |  6113
               +---------+---------+-------+---------+---------+-------+---------
           D:1 |       0 |      51 |   0.0 |       0 |      25 |   0.0 |   638
           D:2 |       0 |      62 |   0.0 |       0 |      23 |   0.0 |   883
           D:3 |       0 |      22 |   0.0 |       0 |       6 |   0.0 |   725
           D:4 |       0 |    1095 |   0.0 |       0 |      26 |   0.0 |  1193
           D:5 |       0 |    1681 |   0.0 |       0 |      37 |   0.0 |  1088
           D:6 |       0 |    1724 |   0.0 |       0 |      21 |   0.0 |   928
           D:7 |       0 |      39 |   0.0 |       0 |       1 |   0.0 |    88
         Sewer |       0 |     414 |   0.0 |       0 |      20 |   0.0 |   570
               +---------+---------+-------+---------+---------+-------+---------
